 Dungeon Crawl Stone Soup version 0.27.1-1-g398f81649c (webtiles) character file.

Game seed: 6900317470960036007

2239 boopmooplesden the Cleaver (level 9, -3/70 (75) HPs)
             Began as a Minotaur Fighter on Sept 8, 2021.
             Was a Believer of Okawaru.
             Slain by a wight (13 damage)
             ... on level 7 of the Dungeon.
             The game lasted 00:17:01 (6373 turns).

boopmooplesden the Cleaver (Minotaur Fighter)       Turns: 6373, Time: 00:17:02

HP:   -3/70 (75)    AC:  9    Str: 22    XL:     9   Next: 14%
MP:   7/8           EV: 24    Int:  6    God:    Okawaru [**....]
Gold: 262           SH: 12    Dex: 11    Spells: 8/8 levels left

rFire    + . .     SeeInvis .   a - +2 war axe
rCold    x . .     Faith    .   c - +1 kite shield
rNeg     . . .     Spirit   .   b - +0 scale mail
rPois    .         Reflect  .   (helmet restricted)
rElec    .         Harm     .   (no cloak)
rCorr    .         Rampage  .   (no gloves)
Will     .....                  D - +0 pair of boots
Stlth    ..........             k - amulet of the acrobat
HPRegen  0.21/turn              m - ring of fire
MPRegen  0.11/turn              (no ring)

@: acrobatic, drained
A: horns 2, retaliatory headbutt
a: Renounce Religion, Heroism


You were on level 7 of the Dungeon.
You worshipped Okawaru.
Okawaru was pleased with you.
You visited 2 branches of the dungeon, and saw 8 of its levels.
You also visited: Ossuary.

You collected 262 gold pieces.

Inventory:

Hand Weapons
 a - a +2 war axe (weapon)
 d - a +2 scythe of venom
Missiles
 r - 3 atropa-tipped darts (quivered)
Armour
 b - a +0 scale mail (worn)
 c - a +1 kite shield (worn)
 D - a +0 pair of boots (worn)
Jewellery
 g - a ring of ice
 j - a ring of ice
 k - an amulet of the acrobat (around neck)
 l - an amulet of guardian spirit
 m - a ring of fire (left hand)
 w - an amulet of faith
Wands
 e - a wand of paralysis (5)
 p - a wand of iceblast (5)
Scrolls
 q - 5 scrolls of identify
 u - a scroll of teleportation
 v - a scroll of fog
Potions
 f - a potion of lignification {unknown}
 h - a potion of invisibility {unknown}
 i - 8 potions of curing
 n - a potion of heal wounds
 o - 2 potions of ambrosia
 s - 2 potions of berserk rage {unknown}
 t - a potion of magic {unknown}
 x - a potion of flight {unknown}
 z - 2 potions of resistance {unknown}
 B - a potion of mutation {unknown}
 C - 2 potions of attraction {unknown}


   Skills:
 + Level 6.2 Fighting
 + Level 9.2 Axes
 + Level 7.7 Armour
 + Level 3.0 Dodging
 + Level 1.4 Stealth
 + Level 7.5 Shields
 + Level 0.1 Evocations


You had 8 spell levels left.
You didn't know any spells.
Your spell library contained the following spells:

 Spells                   Type           Power      Damage    Failure   Level
 Pain                     Necr           0%         1d4       97%         1
 Agony                    Necr           0%         N/A       100%        5
 Excruciating Wounds      Necr           0%         N/A       100%        5


Dungeon Overview and Level Annotations

Branches:
Dungeon (7/15)             Temple (1/1) D:4         Ossuary (visited)

Altars:
Dithmenos
Fedhas
Gozag
Kikubaaqudgha
Makhleb
Nemelex Xobeh
Okawaru
Qazlal
Sif Muna
Vehumet
Xom

Shops:
D:1 *   D:3 (

Annotations:
D:6 2 transporters, ZARRMARR's ghost, novice OpTm


Innate Abilities, Weirdness & Mutations

You have a pair of horns on your head.
You reflexively headbutt those who attack you in melee.


Message History

The wight hits you but does no damage. x2
Your life force feels restored.
Your Axes skill increases to level 9!
The orc shouts!
Things that are here:
a +2 scimitar of freezing; a +0 robe An orc and an orc priest come into view.
The orc shouts!
A jelly comes into view.
A kobold brigand comes into view.
It is wielding a +0 short sword and quivering curare-tipped darts.
You slash the orc!
You kill the orc!
Okawaru accepts your kill.
You hit the wight but do no damage. You barely miss the wight.
A kobold comes into view. It is wielding a +0 whip.
The wight hits you with a +0 short sword.
You feel drained. The wight closely misses you.
The wight hits you but does no damage.
A kobold comes into view. It is wielding a +0 dagger.
You barely miss the wight.
The wight is almost destroyed.
Your shield prevents you from hitting the wight.
The kobold shouts!
You hear a croak.
The wight closely misses you.
The wight hits you from afar with a +0 halberd.
* * * LOW HITPOINT WARNING * * *
You feel drained.
* * * LOW HITPOINT WARNING * * *
The wight hits you with a +3 short sword of freezing.
* * * LOW HITPOINT WARNING * * *
You feel drained.
* * * LOW HITPOINT WARNING * * *
The wight freezes you.
* * * LOW HITPOINT WARNING * * *
A bullfrog comes into view.
Unknown command.
The kobold throws a stone.
The stone completely misses you. The wight misses you.
The wight hits you with a +0 halberd!
You die...

#...# ..K.. ##
o.K# # ##. ##J.K#
..
#..###K##.##...
#...#..........
##..z)o........
#....)z.....#.#
##..z@))......#
#....<........
.................
.#..............#
##........#.....
######.........
..........
...#.)....
...##...


You could see a kobold brigand, a jelly, 3 wights, 2 orcs and a kobold.

Vanquished Creatures
  Grinder (D:4)
  Sigmund (D:2)
  A wraith (Ossuary)
  Menkaure (D:4)
  A steam dragon (D:6)
  A water moccasin (D:4)
  A black bear (D:6)
  A necrophage (D:4)
  A centaur (D:5)
  A phantom (D:4)
  A bullfrog (D:7)
  A wyvern zombie (D:6)
  A scorpion (D:6)
  5 killer bees (D:5)
  2 wights (D:7)
  A howler monkey (D:7)
  A centaur skeleton (D:4)
  A jelly (D:3)
  An orc priest (D:4)
  A hound (D:5)
  2 orc wizards
  A hound skeleton (D:4)
  2 mummies
  Robin (D:2)
  10 adders
  7 gnolls (D:3)
  2 white imps
  A worm (D:3)
  13 orcs
  6 endoplasms
  6 giant cockroaches
  20 goblins
  8 hobgoblins
  9 jackals
  3 quokkas
  4 ball pythons
  5 bats
  A frilled lizard (D:3)
  5 gnoll skeletons (Ossuary)
  9 kobolds
  5 kobold skeletons (Ossuary)
  A kobold zombie (D:5)
  15 orc skeletons (Ossuary)
  An orc zombie (D:5)
  A rat (D:1)
163 creatures vanquished.

Notes
Turn   | Place    | Note
-------+----------+-------------------------------------------
     0 | D:1      | boopmooplesden the Minotaur Fighter began the quest for the
                  | Orb.
     0 | D:1      | Reached XP level 1. HP: 19/19 MP: 0/0
   128 | D:1      | Reached XP level 2. HP: 23/26 MP: 1/1
   637 | D:1      | Found Genupn's General Store.
   787 | D:1      | Reached XP level 3. HP: 28/33 MP: 2/2
  1192 | D:2      | Found a faded altar of an unknown god.
  1228 | D:2      | Reached skill level 3 in Axes
  1356 | D:2      | Noticed Robin
  1377 | D:2      | Killed Robin
  1378 | D:2      | Reached skill level 1 in Dodging
  1378 | D:2      | Reached XP level 4. HP: 18/40 MP: 3/3
  1700 | D:2      | Noticed Sigmund
  1716 | D:2      | Killed Sigmund
  1717 | D:2      | Reached skill level 4 in Axes
  1717 | D:2      | Reached skill level 5 in Armour
  1717 | D:2      | Reached XP level 5. HP: 27/47 MP: 4/4
  2136 | D:3      | Reached XP level 6. HP: 49/53 MP: 5/5
  2247 | D:3      | Found Waohug's Weapon Boutique.
  2551 | D:3      | Reached skill level 5 in Axes
  3065 | D:3      | Found a shimmering altar of Xom.
  3065 | D:3      | Found a shadowy altar of Dithmenos.
  3105 | D:4      | Noticed a water moccasin
  3111 | D:4      | Killed a water moccasin
  3112 | D:4      | Reached skill level 5 in Shields
  3112 | D:4      | Reached XP level 7. HP: 56/60 MP: 6/6
  3175 | D:4      | Noticed Grinder
  3179 | D:4      | Paralysed by Grinder for 7 turns
  3228 | D:4      | Killed Grinder
  3229 | D:4      | Reached skill level 5 in Fighting
  3229 | D:4      | Reached skill level 6 in Axes
  3392 | D:4      | Found a staircase to the Ecumenical Temple.
  3402 | Temple   | Entered the Ecumenical Temple
  3414 | Temple   | Became a worshipper of Warmaster Okawaru
  3489 | D:4      | Noticed Menkaure
  3707 | D:4      | Killed Menkaure
  4051 | D:4      | Reached XP level 8. HP: 67/69 MP: 7/7
  4073 | D:4      | Reached skill level 7 in Axes
  4254 | D:5      | Entered Level 5 of the Dungeon
  4341 | D:5      | Reached * piety under Okawaru
  4404 | D:5      | Reached skill level 1 in Stealth
  4459 | D:5      | Found a sand-covered staircase.
  4467 | Ossuary  | Entered an ossuary
  4597 | Ossuary  | Reached skill level 8 in Axes
  5573 | D:6      | Reached ** piety under Okawaru
  5934 | D:6      | Reached XP level 9. HP: 67/75 MP: 8/8
  6004 | D:6      | Noticed ZARRMARR's ghost (novice OpTm)
  6017 | D:6      | Found a transporter.
  6022 | D:6      | Found a transporter.
  6023 | D:6      | Noticed a queen bee
  6368 | D:7      | Reached skill level 9 in Axes
  6373 | D:7      | Slain by a wight

Illustrated notes

Levels and vault maps discovered:
D:1:      minmay_arrival_radiant_lines, layout_basic, serial_shops, shop
D:2:      layout_basic, dreamdust_ecumenical_altar_statues, uniq_robin,
          uniq_sigmund
D:3:      layout_loops_ring, gammafunk_temple_overflow_elements, serial_shops,
          nicolae_shop_window_shopping
D:4:      layout_basic, minmay_temple_entry_large_hall,
          chequers_serial_rivers_large_a, uniq_menkaure, uniq_grinder
D:5:      layout_cave_pods, nicolae_ossuary_entry_giza, kennysheep_minor_cross,
          minivault_27, grunt_ministairs_13, hangedman_abyss_or_decor_stagger
D:6:      layout_loops_ring, gammafunk_ghost_hive
D:7:      layout_cave_pools
Temple:   eino_temple_rhombus

Skill      XL: |  1  2  3  4  5  6  7  8  9 |
---------------+----------------------------+-----
Armour         | 4 5 6 7 |  7.7
Fighting       | 4 5 6 |  6.2
Axes           | 3 4 5 6 8 9 |  9.2
Shields        | 4 5 6 7 |  7.5
Dodging        | 1 2 3 |  3.0
Stealth        | 1 |  1.4
Evocations     | |  0.1

Action                   |  1- 3 |  4- 6 |  7- 9 || total
-------------------------+-------+-------+-------++-------
Melee: War axe           |    95 |    77 |   168 ||   340
       Headbutt          |    13 |    20 |    29 ||    62
Invok: Heroism           |       |       |     1 ||     1
Evoke: Wand              |       |       |     2 ||     2
  Use: Potion            |       |     1 |       ||     1
       Scroll            |       |     6 |     6 ||    12
Armor: Scale mail        |    63 |    22 |    78 ||   163
Dodge: Dodged            |    41 |    22 |    88 ||   151
Block: Kite shield       |    78 |    65 |   122 ||   265
